 Dungeon Crawl Stone Soup version 0.20.1-1-g8b1a95d (webtiles) character file.

70 ANON1729 the Firebug (level 4, 0/24 HPs)
             Began as a Tengu Fire Elementalist on Aug 2, 2017.
             Succumbed to an orc's poison
             ... on level 2 of the Dungeon.
             The game lasted 00:06:18 (1519 turns).

ANON1729 the Firebug (Tengu Fire Elementalist)      Turns: 1519, Time: 00:06:18

Health: 0/24       AC:  4    Str:  9    XL:     4   Next: 21%
Magic:  6/9        EV: 12    Int: 16    God:
Gold:   78         SH:  0    Dex: 14    Spells: 0/8 levels left

rFire    . . .     SeeInvis .   (no weapon)
rCold    . . .     Gourm    .   (no shield)
rNeg     . . .     Faith    .   a - +0 robe
rPois    .         Spirit   .   (helmet restricted)
rElec    .         Reflect  .   t - +0 cloak
rCorr    .         Harm     .   p - +0 pair of gloves
MR       .....                  (boots unavailable)
Stlth    ++........             (no amulet)
Regen    0.1/turn               (no ring)
MPRegen  0.2/turn               (no ring)

@: lethally poisoned (0 -> -4)
A: beak, talons 3
a: no special abilities


You were on level 2 of the Dungeon.
You were not hungry.

You visited 1 branch of the dungeon, and saw 3 of its levels.

You collected 78 gold pieces.

Inventory:

Hand Weapons
 q - a +0 short sword of venom
Armour
 a - a +0 robe (worn)
 p - a +0 pair of gloves (worn)
 t - a +0 cloak (worn)
Jewellery
 k - an uncursed amulet of rage {unknown}
Scrolls
 d - 2 scrolls of fog {unknown}
 e - 2 scrolls of identify {unknown}
 h - a scroll of amnesia {unknown}
 i - 3 scrolls of remove curse {unknown}
 j - a scroll of blinking {unknown}
 l - 2 scrolls of teleportation {unknown}
 n - a scroll of random uselessness {unknown}
 o - a scroll of fear {unknown}
 s - a scroll of magic mapping {unknown}
Potions
 f - 2 potions of lignification {unknown}
 u - a potion of mutation {unknown}
 v - a potion of heal wounds {unknown}
Books
 b - a book of Flames

   Spells                             Type                      Level
   a - Flame Tongue                   Conjuration/Fire             1
   b - Throw Flame                    Conjuration/Fire             2
   c - Conjure Flame                  Conjuration/Fire             3
   d - Inner Flame                    Hexes/Fire                   3
   e - Sticky Flame                   Conjuration/Fire             4
   f - Fireball                       Conjuration/Fire             5
Comestibles
 c - a bread ration
 g - 5 fruits
 m - a meat ration
 r - a royal jelly
 w - 2 chunks of flesh


   Skills:
 - Level 2.1 Dodging
 - Level 2.0 Stealth
 + Level 2.6 Spellcasting
 + Level 3.1 Conjurations
 + Level 4.2 Fire Magic


You couldn't memorise any spells.
You knew the following spells:

 Your Spells              Type           Power        Failure   Level  Hunger
a - Flame Tongue          Conj/Fire      ##...        4%          1    #......
b - Conjure Flame         Conj/Fire      ##......     13%         3    ###....
c - Sticky Flame          Conj/Fire      ##......     38%         4    #####..


Dungeon Overview and Level Annotations

Branches:
Dungeon (3/15)

Altars:


Innate Abilities, Weirdness & Mutations

You have a beak for a mouth.
You have claws for feet.


Message History

q - a short sword of venom You feel sick.
You butcher the orc corpse.
w - 2 chunks of flesh You see here a leather armour.
You feel sick.
You feel sick.
Casting: Flame Tongue
Confirm with . or Enter, or press ? or * to list all spells.
You can't see any susceptible monsters within range! (Use Z to cast anyway.) Unknown command.
You feel sick.
The orc priest invokes the aid of Beogh against you.
Beogh smites you!
* * * LOW HITPOINT WARNING * * *
Casting: Flame Tongue
Confirm with . or Enter, or press ? or * to list all spells.
You can't see any susceptible monsters within range! (Use Z to cast anyway.) Unknown command.
You die...

#############
#.o.[o....@.##
#.#########..#
..o.###.# .o≈..##.#
.....$#.## ...o.⌠#..#
.....o#..# ..≈..##..#
....###..#######......


You could see an orc.

Vanquished Creatures
  Jessica (D:2)
  An ooze (D:1)
  A dart slug (D:1)
  A leopard gecko (D:1)
  2 orcs
  A giant cockroach (D:1)
  A goblin (D:1)
  4 hobgoblins
  4 jackals (D:1)
  8 bats
  A frilled lizard (D:1)
  3 kobolds
  5 rats
33 creatures vanquished.

Notes
Turn   | Place    | Note
-------+----------+-------------------------------------------
     0 | D:1      | ANON1729 the Tengu Fire Elementalist began the quest for the Orb.
     0 | D:1      | Reached XP level 1. HP: 10/10 MP: 4/4
   207 | D:1      | Reached XP level 2. HP: 15/15 MP: 4/6
   549 | D:1      | Reached XP level 3. HP: 19/19 MP: 4/7
  1185 | D:2      | You fall through a shaft!
  1198 | D:3      | Reached skill level 4 in Fire Magic
  1417 | D:2      | Noticed Jessica
  1423 | D:2      | Killed Jessica
  1423 | D:2      | Reached XP level 4. HP: 24/24 MP: 1/9
  1492 | D:2      | Learned a level 3 spell: Conjure Flame
  1500 | D:2      | Learned a level 4 spell: Sticky Flame
  1517 | D:2      | HP: 1/24 [orc priest/divine providence (8)]
  1519 | D:2      | Succumbed to an orc's poison

Skill      XL: |  1  2  3 |
---------------+----------+-----
Conjurations   | 2 3 |  3.1
Fire Magic     | 4 |  4.2
Dodging        | |  2.1
Stealth        | |  2.0
Spellcasting   | |  2.6

Action                   |  1- 3 |  4- 6 || total
-------------------------+-------+-------++-------
Melee: Unarmed           |     6 |       ||     6
       Peck              |     1 |       ||     1
 Cast: Flame Tongue      |    60 |     5 ||    65
  Eat: Chunk             |     2 |     1 ||     3
Armor: Robe              |    10 |       ||    10
Dodge: Dodged            |    35 |     1 ||    36
